AoeStats
← Agent Smith

Nomad

510944667Analyzed
2v2 RM · 4h ago on Oct 3, 2026· 48m 36s· 4 players
Game mode
Random Map
Map size
176×176
Population
200
Speed
Normal
Resources
Standard
Victory
Conquest
Starting age
Dark Age
Ending age
Imperial Age
RankedLock teamsTeams togetherTeam positionsShared explorationLock speedFull tech treeHidden civsTurbo modeCheats
Victory
Defeat
🇧🇷 Dravidians · Brazil
1092
+15
🇧🇷 Georgians · Brazil
1084
+15
🇻🇳 Huns · Vietnam
1069
-15
🇻🇳 Huns · Vietnam
1063
-15
Agent Smith
13:34 Feudal Age
14:00 Man-at-Arms
14:08 Man-at-Arms
16:21 Arson
19:34 Loom
19:59 Scale Mail Armor
19:58 Fletching
20:36 Fletching
21:22 Gold Mining
23:54 Castle Age
22:13 Gold Mining
24:23 Bloodlines
24:25 Horse Collar
24:33 Double-Bit Axe
25:34 Bodkin Arrow
27:15 Thumb Ring
29:33 Scale Barding Armor
30:43 Forging
31:59 Iron Casting
33:24 Bow Saw
36:00 Wheelbarrow
40:22 Husbandry
42:43 Hand Cart
44:13 Marauders
45:52 Squires
phamquangtho2015
13:29 Feudal Age
15:13 Man-at-Arms
16:55 Forging
18:26 Horse Collar
19:44 Double-Bit Axe
26:20 Castle Age
24:51 Fletching
31:28 Gold Mining
31:52 Crossbowman
36:21 Wheelbarrow
37:12 Bodkin Arrow
38:26 Thumb Ring
43:49 Padded Archer Armor
44:22 Bow Saw
44:54 Gold Shaft Mining
45:43 Hand Cart
47:20 Ballistics
hig_sfc
2:52 Loom
16:56 Feudal Age
17:35 Double-Bit Axe
18:54 Gold Mining
18:39 Man-at-Arms
19:05 Arson
21:45 Castle Age
20:24 Wheelbarrow
20:04 Fishing Lines
20:45 Forging
20:35 Scale Mail Armor
22:06 Long Swordsman
22:31 Gambesons
22:47 Squires
23:29 Iron Casting
23:09 Chain Mail Armor
22:48 Gillnets
25:07 Stone Mining
29:31 Hand Cart
30:38 Husbandry
31:37 Bow Saw
35:07 Imperial Age
33:17 Scale Barding Armor
34:40 Medical Corps
36:09 Wootz Steel
36:22 Conscription
35:34 Two-Handed Swordsman
37:38 Blast Furnace
36:23 Champion
38:38 Plate Mail Armor
38:29 Chain Barding Armor
40:11 Elite Urumi Swordsman
40:55 Light Cavalry
HeC_SantosFC
3:23 Loom
13:49 Feudal Age
15:09 Wheelbarrow
14:25 Double-Bit Axe
16:06 Horse Collar
27:51 Castle Age
26:06 Forging
26:03 Scale Barding Armor
28:27 Fletching
29:14 Iron Casting
29:00 Chain Barding Armor
28:12 Man-at-Arms
34:19 Bow Saw
43:30 Gold Mining
Connection lost

Rejoining the realm…

Still unreachable

The connection could not be restored.

Session expired

The server has moved on; the page needs a fresh start.